AoeStats
← Smilie

Arabia

510109468Analyzed
1v1 RM · 4d ago on Sep 29, 2026· 38m 44s· 2 players
Game mode
Random Map
Map size
Tiny (2 player)
Population
200
Speed
Normal
Resources
Standard
Victory
Conquest
Starting age
Dark Age
Ending age
Imperial Age
RankedLock teamsTeams togetherTeam positionsShared explorationLock speedFull tech treeHidden civsTurbo modeCheats
Victory
Defeat
🇳🇱 Lithuanians · Netherlands
903
+29
🇫🇷 Mapuche · France
918
-17
Smilie
6:09 Loom
8:58 Feudal Age
9:45 Double-Bit Axe
9:48 Horse Collar
17:50 Wheelbarrow
18:11 Bloodlines
21:41 Castle Age
20:34 Forging
21:27 Gold Mining
23:24 Hand Cart
26:26 Bow Saw
26:19 Heavy Plow
26:52 Stone Mining
28:26 Husbandry
28:35 Scale Barding Armor
32:42 Iron Casting
32:28 Chain Barding Armor
31:44 Elite Skirmisher
34:15 Padded Archer Armor
38:59 Imperial Age
38:19 Ballistics
38:08 Thumb Ring
TiltMaster Sama
9:47 Feudal Age
10:43 Double-Bit Axe
20:23 Castle Age
18:09 Horse Collar
18:20 Stone Mining
18:26 Stone Mining
20:28 Forging
24:16 Fletching
25:02 Bodkin Arrow
27:12 Bow Saw
27:21 Heavy Plow
29:38 Padded Archer Armor
30:26 Gold Mining
34:49 Imperial Age
34:33 Ballistics
34:31 Leather Archer Armor
34:52 Iron Casting
36:29 Wheelbarrow
Connection lost

Rejoining the realm…

Still unreachable

The connection could not be restored.

Session expired

The server has moved on; the page needs a fresh start.